 Dungeon Crawl Stone Soup version 0.25-a0-667-gb977e01cb5 (webtiles) character file.

Game seed: 4696054964881623363, levelgen mode: deterministic

3252 DasRunzen the Poker (level 9, -2/74 HPs)
             Began as a Demigod Gladiator on Mar 27, 2020.
             Slain by a death yak (13 damage)
             ... on level 7 of the Dungeon.
             The game lasted 00:15:34 (7670 turns).

DasRunzen the Poker (Demigod Gladiator)             Turns: 7670, Time: 00:15:35

Health: -2/74      AC: 12    Str: 21    XL:     9   Next: 40%
Magic:  19/19      EV: 12    Int: 18    God:
Gold:   500        SH:  8    Dex: 17    Spells: 15/16 levels left

rFire    . . .     SeeInvis .   a - +1 trident
rCold    + . .     Gourm    .   u - +0 kite shield
rNeg     . . .     Faith    .   b - +0 leather armour
rPois    .         Spirit   .   c - +0 helmet
rElec    .         Reflect  .   m - +2 cloak
rCorr    .         Harm     .   e - +0 pair of gloves
MR       .....                  n - +0 pair of boots
Stlth    +.........             (no amulet)
HPRegen  0.22/turn              i - ring of flight
MPRegen  0.16/turn              r - ring of protection from cold

@: mighty, lightly drained
A: molten scales 1, high mp 1, strong 2
a: Evoke Flight


You were on level 7 of the Dungeon.
You were not hungry.

You visited 1 branch of the dungeon, and saw 8 of its levels.

You collected 500 gold pieces.

Inventory:

Hand Weapons
 a - a +1 trident (weapon)
Missiles
 d - 3 throwing nets (quivered)
Armour
 b - a +0 leather armour (worn)
 c - a +0 helmet (worn)
 e - a +0 pair of gloves (worn)
 m - a +2 cloak (worn)
 n - a +0 pair of boots (worn)
 u - a +0 kite shield (worn)
Jewellery
 i - a ring of flight (left hand)
 r - a ring of protection from cold (right hand)
Wands
 j - a wand of disintegration (10)
 l - a wand of digging (6)
 p - a wand of polymorph (13)
Scrolls
 g - a scroll of remove curse
 k - 2 scrolls of teleportation
 q - a scroll of blinking
Potions
 h - 6 potions of haste
 s - a potion of cancellation {unknown}
 t - 2 potions of curing
 w - a potion of flight {unknown}
Comestibles
 f - 17 rations


   Skills:
 + Level 5.4(5.2) Fighting
 + Level 5.7(5.5) Polearms
 - Level 1.7(1.5) Throwing
 + Level 4.9(4.7) Armour
 + Level 5.7(5.5) Dodging
 + Level 1.1(0.9) Shields
 + Level 4.4(4.2) Spellcasting
 + Level 3.1(2.9) Conjurations
 + Level 3.0(2.8) Air Magic


You had 15 spell levels left.
You knew the following spells:

 Your Spells              Type           Power        Failure   Level  Hunger
a - Shock                 Conj/Air       ##..         30%         1    None

Your spell library contained the following spells:

 Spells                   Type           Power        Failure   Level  Hunger
 Swiftness                Chrm/Air       #.......     65%         2    ##.....
 Static Discharge         Conj/Air       ##......     67%         3    ###....
 Airstrike                Air            ##........   97%         4    ####...
 Lightning Bolt           Conj/Air       ##........   100%        5    ######.


Dungeon Overview and Level Annotations

Branches:
Dungeon (8/15)             Temple (0/1) D:5
   Lair: D:8-11

Shops:
D:5 (

Annotations:
D:5 2 transporters, EnegeticOcto's ghost, novice MiGl


Innate Abilities, Weirdness & Mutations

You have an increased reservoir of magic. (+10% MP)
You are partially covered in molten scales. (AC +2)
Your muscles are very strong. (Str +4)


Message History

You hit the death yak.
The death yak is heavily wounded.
The death yak barely misses you.
You puncture the death yak!
The death yak is severely wounded.
The death yak gores you!
You hit the death yak.
The death yak is severely wounded.
The death yak closely misses you.
You hit the death yak.
The death yak is severely wounded.
The death yak gores you!
* * * LOW HITPOINT WARNING * * *
You puncture the death yak!
The death yak is almost dead.
The death yak closely misses you.
You puncture the death yak!
The death yak is almost dead.
The death yak gores you!
You die...

#####.#≈≈≈≈≈≈≈####
#.....#########...
#.##### #.#... #.#
#...## #.# ####.# #.#
#....# #.# #.####
#Y##########.##
#@)...........#
#[#...........#
#####.#.#.........##
#.......#..........#
#.....#............##
#.....#....#######..#
#.....#....# ##.#
#.....###### #.##
#.....# #..#


You could see a death yak.

Vanquished Creatures
  Maggie (D:7)
  Prince Ribbit (D:6)
  Grinder (D:3)
  Sigmund (D:3)
  The ghost of CryoSword the Shield-Bearer, an amateur TrFi of Fedhas (D:3)
  A water moccasin (D:5)
  A sky beast (D:8)
  2 ice beasts
  An orc warrior (D:6)
  A necrophage (D:5)
  4 ogres
  A wyvern zombie (D:6)
  2 scorpions
  3 wights
  A crimson imp (D:5)
  4 bullfrog skeletons
  10 orc priests
  6 orc wizards
  Ijyb (D:4)
  Crazy Yiuf (D:3)
  Jessica (D:2)
  An iguana (D:5)
  3 worker ants
  Robin (D:3)
  A howler monkey skeleton (D:7)
  14 adders
  2 oozes (D:2)
  4 worms
  A dart slug (D:3)
  5 leopard geckos
  32 orcs
  4 giant cockroaches
  16 goblins
  10 hobgoblins
  8 jackals
  7 kobolds
  5 quokkas
  7 bats
  5 frilled lizards
  A quokka skeleton (D:5)
  6 rats
178 creatures vanquished.

Notes
Turn   | Place    | Note
-------+----------+-------------------------------------------
     0 | D:1      | DasRunzen the Demigod Gladiator began the quest for the
                  | Orb.
     0 | D:1      | Reached XP level 1. HP: 17/17 MP: 3/3
   212 | D:1      | Reached XP level 2. HP: 16/24 MP: 4/4
   749 | D:2      | Noticed Jessica
   758 | D:2      | Killed Jessica
   758 | D:2      | Reached skill level 1 in Armour
   758 | D:2      | Reached skill level 1 in Spellcasting
   758 | D:2      | Reached XP level 3. HP: 21/29 MP: 7/7
  1166 | D:2      | Reached XP level 4. HP: 23/37 MP: 8/8
  1250 | D:2      | Gained mutation: You are partially covered in molten
                  | scales. (AC +2) [potion of mutation]
  1250 | D:2      | Gained mutation: Your muscles are strong. (Str +2) [potion
                  | of mutation]
  1250 | D:2      | Gained mutation: Your muscles are very strong. (Str +4)
                  | [potion of mutation]
  1586 | D:3      | Found a white marble altar of Elyvilon.
  1602 | D:3      | Found a runed translucent gate.
  1602 | D:3      | Found a runed translucent gate.
  1602 | D:3      | Found a runed translucent gate.
  1604 | D:3      | Found an opulent altar of Gozag.
  1620 | D:3      | Reached XP level 5. HP: 37/42 MP: 8/10
  1728 | D:3      | Noticed Sigmund
  1741 | D:3      | Killed Sigmund
  1741 | D:3      | Reached XP level 6. HP: 37/51 MP: 12/12
  1824 | D:3      | Found a runed translucent door.
  1825 | D:3      | Noticed Crazy Yiuf
  1837 | D:3      | Killed Crazy Yiuf
  2428 | D:3      | Noticed CryoSword's ghost (amateur TrFi)
  2470 | D:3      | Noticed Robin
  2497 | D:3      | Killed Robin
  2528 | D:3      | Noticed Grinder
  2547 | D:3      | Killed Grinder
  2547 | D:3      | Reached XP level 7. HP: 46/57 MP: 14/14
  2880 | D:4      | Noticed Ijyb
  3060 | D:4      | Killed Ijyb
  3588 | D:4      | Learned a level 1 spell: Shock
  3881 | D:5      | Entered Level 5 of the Dungeon
  3933 | D:5      | Reached XP level 8. HP: 66/66 MP: 16/16
  3951 | D:5      | Found Alepn's Weapon Boutique.
  4009 | D:5      | Found a staircase to the Ecumenical Temple.
  4041 | D:5      | Reached skill level 1 in Conjurations
  4041 | D:5      | Reached skill level 1 in Air Magic
  4346 | D:5      | Reached skill level 5 in Polearms
  4346 | D:5      | Reached skill level 5 in Dodging
  4351 | D:5      | Noticed a komodo dragon
  4481 | D:5      | Noticed EnegeticOcto's ghost (novice MiGl)
  4483 | D:5      | Found a transporter.
  4498 | D:5      | Found a transporter.
  4684 | D:3      | Killed CryoSword's ghost
  5199 | D:6      | Noticed Prince Ribbit
  5223 | D:6      | Killed Prince Ribbit
  5223 | D:6      | Reached skill level 5 in Fighting
  5448 | D:6      | Reached XP level 9. HP: 19/74 MP: 18/18
  6263 | D:7      | Noticed Maggie
  6289 | D:7      | Killed Maggie
  6813 | D:7      | Found a blossoming altar of Fedhas.
  7271 | D:8      | Reached skill level 1 in Shields
  7643 | D:8      | Noticed a death yak
  7644 | D:8      | Noticed a death yak
  7650 | D:8      | Noticed a death yak
  7659 | D:7      | HP: 3/74 [death yak (16)]
  7670 | D:7      | Slain by a death yak

Levels and vault maps discovered:
D:1:      heliophobic_arrival_dark_side_of_the_moon, layout_basic
D:2:      layout_basic, first_ration, grunt_ministairs_1, uniq_jessica
D:3:      layout_loops_cross, ebering_ghost_gozag, elyvilon_altar_1,
          uniq_grinder, uniq_crazy_yiuf_cottage, uniq_robin, uniq_sigmund
D:4:      layout_rooms, uniq_ijyb
D:5:      layout_rooms, minmay_temple_entry_proselytizer, gammafunk_ghost_arena,
          serial_shops, shop
D:6:      minmay_chambers_of_fours, layout_layer_cave,
          chequers_serial_rivers_marsh, uniq_prince_ribbit1
D:7:      layout_basic, fedhas_altar_fruit_tree, kennysheep_small_square,
          uniq_maggie
D:8:      layout_gridville, dpeg_lair_monsters, uniq_harold

Skill      XL: |  1  2  3  4  5  6  7  8  9 |
---------------+----------------------------+-----
Fighting       | 2 3 4 5 |  5.4
Polearms       | 3 4 5 |  5.7
Dodging        | 3 4 5 |  5.7
Armour         | 1 2 3 4 |  4.9
Spellcasting   | 1 2 3 4 |  4.4
Conjurations   | 2 3 |  3.1
Air Magic      | 2 3 |  3.0
Shields        | 1 |  1.1
Throwing       | |  1.7

Action                   |  1- 3 |  4- 6 |  7- 9 || total
-------------------------+-------+-------+-------++-------
Melee: Trident           |   133 |   195 |   572 ||   900
       Unarmed           |       |     5 |       ||     5
 Cast: Shock             |       |       |    36 ||    36
  Use: Scroll            |     2 |     7 |     8 ||    17
       Potion            |       |     1 |     6 ||     7
 Stab: Distracted        |     1 |     1 |       ||     2
       Sleeping          |     1 |     1 |     1 ||     3
  Eat: Chunk             |     1 |     4 |    11 ||    16
       Ration            |       |       |     2 ||     2
Armor: Leather armour    |    29 |    46 |   162 ||   237
Dodge: Dodged            |    81 |   114 |   367 ||   562
Block: Kite shield       |       |       |    43 ||    43

Table legend:
 A = Non-vault XP
 B = Vault XP
 C = Vault XP percentage of total XP
 D = Non-vault monster count
 E = Vault monster count
 F = Vault count percentage of total count
                 A         B        C        D         E       F
            +---------+---------+-------+---------+---------+-------
      Total |    2731 |    1916 |  41.2 |     148 |      30 |  16.9
            +---------+---------+-------+---------+---------+-------
        D:1 |      24 |       0 |   0.0 |      15 |       0 |   0.0
        D:2 |     134 |      39 |  22.5 |      18 |       2 |  10.0
        D:3 |     400 |     794 |  66.5 |      35 |      19 |  35.2
        D:4 |     369 |      38 |   9.3 |      27 |       1 |   3.6
        D:5 |     609 |      43 |   6.6 |      19 |       1 |   5.0
        D:6 |     399 |     499 |  55.6 |      14 |       5 |  26.3
        D:7 |     442 |     503 |  53.2 |      13 |       2 |  13.3
        D:8 |     354 |       0 |   0.0 |       7 |       0 |   0.0
            +---------+---------+-------+---------+---------+-------
